 Dungeon Crawl Stone Soup version 0.30-a0-722-g3e6e8c8 (webtiles) character file.

Game seed: 3559150629364872244

1775343 witwit the Shatterer (level 27, 246/246 HPs)
             Began as a Minotaur Fighter on Jan 26, 2023.
             Was a High Priest of Okawaru.
             Escaped with the Orb
             ... and 3 runes on Jan 27, 2023!
             The game lasted 03:36:52 (63596 turns).

witwit the Shatterer (Minotaur Fighter)            Turns: 63596, Time: 03:36:52

Health: 246/246    AC: 41    Str: 33 (35) XL:     27
Magic:  32/32      EV: 18    Int:  8 (11) God:    Okawaru [*****.]
Gold:   1812       SH:  0    Dex: 17 (18) Spells: 24/26 levels left

rFire   + + +      SeeInvis +    D - +7 great mace "Firestarter" {flame, inner flame, rFlCloud rF++}
rCold   + . .      Faith    +    (shield currently unavailable)
rNeg    + . .      Spirit   .    Q - +5 crystal plate armour
rPois   +          Reflect  .    (helmet restricted)
rElec   +          Harm     .    q - +1 cloak of the Date {rN+ Str+3}
rCorr   +          Rampage  +    G - +0 pair of gloves of Okawaru's Generosity {Rampage Regen+}
Will    ++++.                    W - +0 pair of boots of the Disturbing Wars {Will++ Dex+2} Stlth
                                 h - amulet of Vungun {Faith rF++ Regen+ Str+3 SInv}
HPRegen 2.21/turn                P - +6 ring of intelligence
MPRegen 0.23/turn                I - ring "Ochenu" {rElec rPois rF+ rC+ rCorr}

@: no status effects
A: horns 2, retaliatory headbutt, subdued magic 1, inability to read after
injury 1
0: Orb of Zot
}: 3/15 runes: serpentine, barnacled, silver
a: Renounce Religion, Heroism, Finesse, Duel


You escaped.
You worshipped Okawaru.
Okawaru was extremely pleased with you.
You visited 10 branches of the dungeon, and saw 48 of its levels.
You visited 1 bazaar.
You also visited: Ossuary and Ice Cave.

You collected 8973 gold pieces.
You spent 7161 gold pieces at shops.

Inventory:

Hand Weapons
 D - the +7 great mace "Firestarter" (weapon) {flame, inner flame, rFlCloud rF++}
   (You took it off a deep elf annihilator on level 3 of the Elven Halls)

   rFlCloud:  It grants immunity to clouds of flame.
   rF:        It greatly protects you from fire.
 M - a +6 eveningstar of freezing
Missiles
 j - 12 silver boomerangs
 k - 26 atropa-tipped darts
 n - 7 throwing nets
 s - 35 javelins
 x - 4 boomerangs of dispersal
 y - 13 datura-tipped darts
 H - 11 silver javelins
 L - 41 boomerangs (quivered)
 R - 17 curare-tipped darts
Armour
 c - the +4 pair of gloves of Beogh's Fury {rC+ rN+ SInv Stlth-}
   (You found it on level 5 of the Vaults)

   rC:        It protects you from cold.
   rN:        It protects you from negative energy.
   SInv:      It lets you see invisible.
   Stlth:     It makes you less stealthy.
 q - the +1 cloak of the Date (worn) {rN+ Str+3}
   (You bought it in a shop on level 2 of the Orcish Mines)

   Str:       It affects your strength (+3).
   rN:        It protects you from negative energy.
 G - the +0 pair of gloves of Okawaru's Generosity (worn) {Rampage Regen+}
   (Okawaru gifted it to you on level 4 of the Shoals)

   Regen:     It increases your rate of health regeneration.
   Rampage:   It bestows one free step when moving towards enemies.
 Q - a +5 crystal plate armour (worn)
 S - a +2 hat
 W - the +0 pair of boots of the Disturbing Wars (worn) {Will++ Dex+2}
   (Okawaru gifted it to you on level 5 of the Vaults)

   Dex:       It affects your dexterity (+2).
   Will:      It greatly increases your willpower.
Jewellery
 h - the amulet of Vungun (around neck) {Faith rF++ Regen+ Str+3 SInv}
   (You found it on level 3 of the Vaults)

   [amulet of faith]

   It allows you to gain divine favour quickly.
   Str:       It affects your strength (+3).
   rF:        It greatly protects you from fire.
   SInv:      It lets you see invisible.
   Regen:     It increases your rate of health regeneration.
 A - the necklace of Bloodlust {Fury *Rage Will++ Int-3 Slay+6}
   (You took it off a deep elf death mage on level 3 of the Elven Halls)

   [amulet of nothing]

   Fury:      It extends the wearer's berserk rage when killing foes.
   Int:       It affects your intelligence (-3).
   Slay:      It affects your accuracy & damage with ranged weapons and melee
   (+6).
   *Rage:     It berserks you when you make melee attacks (+50% chance).
   Will:      It greatly increases your willpower.
 C - a +5 ring of evasion
 I - the ring "Ochenu" (right hand) {rElec rPois rF+ rC+ rCorr}
   (You bought it in a shop on level 1 of the Snake Pit)

   [ring of protection from cold]

   rF:        It protects you from fire.
   rC:        It protects you from cold.
   rElec:     It insulates you from electricity.
   rPois:     It protects you from poison.
   rCorr:     It protects you from acid and corrosion.
 P - a +6 ring of intelligence (left hand)
Wands
 a - a wand of flame (83)
 t - a wand of polymorph (7)
 v - a wand of iceblast (49)
 N - a wand of digging (12)
 T - a wand of light (40)
 V - a wand of paralysis (5)
 X - a wand of mindburst (8)
Scrolls
 e - a scroll of blinking
 g - 9 scrolls of silence
 l - a scroll of enchant armour
 w - 23 scrolls of teleportation
 F - 8 scrolls of amnesia
 J - 6 scrolls of fog
 O - 6 scrolls of poison
 Y - 5 scrolls of magic mapping
 Z - 4 scrolls of fear
Potions
 b - 3 potions of resistance
 d - 8 potions of might
 f - 9 potions of mutation
 i - 5 potions of curing
 o - 8 potions of brilliance
 p - 5 potions of heal wounds
 z - 10 potions of haste
 B - 7 potions of flight
 E - 6 potions of berserk rage
 K - a potion of invisibility
 U - 6 potions of cancellation
Miscellaneous
 m - a condenser vane
 r - a lightning rod (4/4)
 u - a tin of tremorstones (2/2)


   Skills:
 + Level 20.0 Fighting
 * Level 24.6 Maces & Flails
 * Level 19.4 Throwing
 * Level 23.9 Armour
 * Level 20.0 Dodging
 - Level 6.0 Stealth
 - Level 14.0 Shields
 + Level 13.6 Transmutations
 - Level 14.0 Invocations
 + Level 16.6 Evocations


You had 24 spell levels left.
You knew the following spells:

 Your Spells              Type           Power      Damage    Failure   Level
b - Wereblood             Tmut           16%        N/A       1%          2

Your spell library contained the following spells:

 Spells                   Type           Power      Damage    Failure   Level
 Beastly Appendage        Tmut           32%        N/A       1%          1
 Sting                    Tmut/Pois      32%        1d4       13%         1
 Passwall                 Tmut/Erth      6%         N/A       21%         2
 Blade Hands              Tmut           8%         N/A       22%         5
 Spider Form              Tmut/Pois      8%         N/A       38%         3
 Ignite Poison            Fire/Tmut/Pois 5%         N/A       73%         3
 Ice Form                 Ice/Tmut       8%         N/A       82%         4
 Apportation              Tloc           0%         N/A       93%         1
 Kiss of Death            Conj/Necr      0%         2d5       93%         1
 Magic Dart               Conj           0%         1d3       93%         1
 Necrotise                Necr           0%         1d4       93%         1
 Sandblast                Erth           0%         2d4       93%         1
 Shock                    Conj/Air       0%         1d3       93%         1
 Blink                    Tloc           0%         N/A       98%         2
 Cigotuvi's Dreadful Rot  Necr/Pois/Air  0%         N/A       98%         2
 Ensorcelled Hibernation  Hex/Ice        0%         N/A       98%         2
 Lesser Beckoning         Tloc           0%         N/A       98%         2
 Poisonous Vapours        Pois/Air       0%         N/A       98%         2
 Scorch                   Fire           0%         2d5       98%         2
 Static Discharge         Conj/Air       0%         2-2/arc   98%         2
 Alistair's Intoxication  Tmut/Pois      5%         N/A       99%         5
 Yara's Violent Unravell  Hex/Tmut       4%         3d4       99%         5
 Dazzling Flash           Conj/Hex       0%         N/A       100%        3
 Gell's Gravitas          Tloc           0%         N/A       100%        3
 Hailstorm                Conj/Ice       0%         3d3       100%        3
 Inner Flame              Hex/Fire       0%         N/A       100%        3
 Kindle Blastsparks       Fire/Tloc/Air  0%         2d10      100%        3
 Mephitic Cloud           Conj/Pois/Air  0%         N/A       100%        3
 Ozocubu's Armour         Ice            0%         N/A       100%        3
 Stone Arrow              Conj/Erth      0%         3d7       100%        3
 Swiftness                Air            0%         N/A       100%        3
 Teleport Other           Tloc           0%         N/A       100%        3
 Vhi's Electric Charge    Tloc/Air       0%         N/A       100%        3
 Airstrike                Air            0%         2d(0-16)  100%        4
 Anguish                  Hex/Necr       0%         N/A       100%        4
 Cause Fear               Hex            0%         N/A       100%        4
 Dispel Undead            Necr           0%         3d6       100%        4
 Flame Wave               Conj/Fire      0%         2d4       100%        4
 Fulminant Prism          Conj/Hex       0%         3d5       100%        4
 Manifold Assault         Tloc           0%         N/A       100%        4
 Olgreb's Toxic Radiance  Pois           0%         N/A       100%        4
 Passage of Golubria      Tloc           0%         N/A       100%        4
 Sticky Flame             Conj/Fire      0%         2d3       100%        4
 Agony                    Necr           0%         N/A       100%        5
 Arcjolt                  Conj/Air       0%         1d10      100%        5
 Borgnjor's Vile Clutch   Necr/Erth      0%         N/A       100%        5
 Fireball                 Conj/Fire      0%         3d3       100%        5
 Freezing Cloud           Conj/Ice/Air   0%         6-21      100%        5
 Iskenderun's Battlesphe  Conj           0%         2d6       100%        5
 Silence                  Hex/Air        0%         N/A       100%        5
 Conjure Ball Lightning   Conj/Air       0%         3x3d6     100%        6
 Eringya's Noxious Bog    Tmut/Pois      4%         N/A       100%        6
 Iron Shot                Conj/Erth      0%         9d1       100%        6
 Starburst                Conj/Fire      0%         6d3       100%        6
 Orb of Destruction       Conj           0%         9d5       100%        7
 Ozocubu's Refrigeration  Ice            0%         4d7       100%        7
 Storm Form               Tmut/Air       4%         N/A       100%        7
 Borgnjor's Revivificati  Necr           0%         N/A       100%        8
 Discord                  Hex            0%         N/A       100%        8
 Disjunction              Tloc           0%         N/A       100%        8
 Ignition                 Fire           0%         3d3       100%        8
 Lehudib's Crystal Spear  Conj/Erth      0%         10d2      100%        8
 Maxwell's Capacitive Co  Air            0%         ∞         100%        8
 Necromutation            Tmut/Necr      4%         N/A       100%        8
 Chain Lightning          Conj/Air       0%         N/A       100%        9
 Death's Door             Necr           0%         N/A       100%        9
 Fire Storm               Conj/Fire      0%         5d1       100%        9
 Shatter                  Erth           0%         3d5*      100%        9
 Summon Small Mammal      Summ           Unusable   N/A       N/A         1
 Call Imp                 Summ           Unusable   N/A       N/A         2
 Tukima's Dance           Hex            Unusable   N/A       N/A         3
 Animate Armour           Summ/Erth      Unusable   N/A       N/A         4
 Death Channel            Necr           Unusable   N/A       N/A         6
 Simulacrum               Ice/Necr       Unusable   N/A       N/A         6
 Summon Cactus Giant      Summ           Unusable   N/A       N/A         6
 Infestation              Necr           Unusable   N/A       N/A         8

Dungeon Overview and Level Annotations

Branches:
Dungeon (15/15)            Temple (1/1) D:7            Lair (5/5) D:10
 Shoals (4/4) Lair:3        Snake (4/4) Lair:2        Slime (0/5) Lair:5
    Orc (2/2) D:12            Elf (3/3) Orc:2        Vaults (5/5) D:13
  Crypt (0/3) Vaults:2     Depths (4/4) D:15            Zot (5/5) Depths:4
Ossuary (visited)           IceCv (visited)

Altars:
Ashenzari
Cheibriados
Dithmenos
Elyvilon
Fedhas
Gozag
Hepliaklqana
Kikubaaqudgha
Makhleb
Nemelex Xobeh
Okawaru
Qazlal
Ru
Sif Muna
Trog
Uskayaw
Vehumet
Wu Jian
Xom
Yredelemnul
Zin
The Shining One

Shops:
D:1 *   D:2 [   D:5 [   D:10 [   Orc:2 [:(!   Elf:1 :   Elf:2 (   Elf:3 [
Snake:1 =   Vaults:1 *   Vaults:4 (   Vaults:5 =?=

Portals:
Hell: Depths:1 Depths:2 Depths:3 Depths:4
Abyss: Depths:3 Depths:4
Pandemonium: Depths:2
Ziggurat: Depths:4

Annotations:
Zot:5 exclusion: obsidian statue


Innate Abilities, Weirdness & Mutations

You have a pair of horns on your head.
You reflexively headbutt those who attack you in melee.
Your spells are a little easier to cast, but a little less powerful.
You occasionally lose the ability to read scrolls when taking damage.


Message History

The Ice Fiend gestures at you. The bolt of cold misses you.
You bludgeon the Ice Fiend!!
Flame seeps out of the Ice Fiend.
You burn the Ice Fiend.
Flame seeps out of the Ice Fiend. x2
You headbutt the Ice Fiend.
The Ice Fiend is almost dead.
You hit the Ice Fiend.
Flame seeps out of the Ice Fiend.
You burn the Ice Fiend.
Flame seeps out of the Ice Fiend.
You headbutt the Ice Fiend, but do no damage.
The Ice Fiend is almost dead.
The Ice Fiend is engulfed in blazing flames.
Okawaru accepts your kill.
The Ice Fiend explodes!
The fiery explosion engulfs you. You resist.
Your Dodging skill increases to level 20!
No target in view!
(D) Dungeon (T) Temple (L) Lair (A) Shoals (P) Snake Pit (M) Slime Pits (O) Orcish Mines (E) Elven Halls (V) Vaults (C) Crypt (U) Depths (H) Hell (Z) Zot
Where to? (Enter - D:1, ? - help)
You see here a +0 club.
There is an open door here.
HP restored.
There is a stone staircase leading up here.
You climb upwards.
There is a stone staircase leading down here.
Unknown command.
Unknown command.
Unknown command.
Unknown command.
(D) Dungeon (T) Temple (L) Lair (A) Shoals (P) Snake Pit (M) Slime Pits (O) Orcish Mines (E) Elven Halls (V) Vaults (C) Crypt (U) Depths (H) Hell (Z) Zot
Where to? (Enter - D:1, ? - help)
Okay, then.
There is an open gate here.
There is a staircase leading out of the dungeon here.
You have escaped!

............# #.#####..#####..###
..####.#.#### #.# #.........#
.......#.######.# #.#####...#
#...######......# #.#.......###
#§☼☼# ##.##########.#.#...[....
#§§§# #.............#.#.#######
#§.§# ##...##'''##..#.#.#......
#...######...#.....#..#.#.#.#####
.$....§§.#...#..@..#..#.#.#.#....
..$.)§○§...#.#.....#..#.#.#.#....
.$.$.§...###.#.....#..#.#.#.#####
#...########.##+++##..#.#.#......
#§.§# #..#............#.#.#####
#§☼○# #.......#.......#.#...#
#§°°# #.......'.......'.#...#
#...#####......##.).....###...#
........#......##.......# #...###


There were no monsters in sight!

Vanquished Creatures
  4 dread liches
  5 orbs of fire (Zot:5)
  8 ancient liches
  A juggernaut (Depths:2)
  Sojobo (Depths:2)
  Josephina (Zot:3)
  6 Killer Klowns (Zot:5)
  Vv (Depths:2)
  Saint Roka (Depths:3)
  Parghit (Depths:3)
  A pandemonium lord (Depths:4)
  Vashnia (Snake:3)
  The ghost of Vocvoclymyo the Hoplite, a veteran DgFi (Depths:4)
  2 curse toes
  15 golden dragons
  Nikola (Depths:2)
  4 electric golems
  A bone dragon (Depths:4)
  2 doom hounds (Depths:2)
  19 tentacled monstrosities
  A Hell Sentinel (D:6)
  A walking crystal tome (Depths:3)
  An Ice Fiend (D:2)
  A walking earthen tome (Depths:2)
  28 Orb Guardians
  2 deep elf blademasters (Elf:3)
  Asterion (Snake:3)
  A titan (shapeshifter) (Vaults:5)
  A lich (Vaults:3)
  2 deep elf master archers (Elf:3)
  The ghost of Caerwyn the Earth Mage, an adept GrEE of Vehumet (Shoals:2)
  7 quicksilver dragons
  Grunn (Depths:2)
  A kraken (Shoals:4)
  8 death cobs
  10 sphinxes
  9 titans
  Kirke (Shoals:4)
  Agnes (Snake:3)
  14 shadow dragons
  20 storm dragons
  5 tengu reavers
  3 draconian monks (Zot:1)
  4 nagarajas (Snake:4)
  8 fire giants
  11 draconian knights
  Aizul (Shoals:4)
  3 balrugs
  18 vault wardens
  11 frost giants
  8 draconian scorchers
  2 ghost moths (Zot:3)
  Louise (Shoals:4)
  7 iron dragons
  The ghost of AnyaLaVert the Severer, a journeyman MiFi (Depths:1)
  5 deep elf sorcerers
  A caustic shrike zombie (D:15)
  5 deep elf elementalists
  5 draconian stormcallers
  3 spectral caustic shrikes (Depths:4)
  9 draconian shifters
  14 draconian annihilators
  21 ironbound preservers
  3 spriggan defenders (Depths:3)
  25 stone giants
  12 ironbound thunderhulks
  2 orc warlords
  A war gargoyle (Vaults:1)
  15 very ugly things
  13 black draconians
  3 vampire knights
  3 deep elf demonologists (Elf:3)
  9 green draconians
  10 deep elf annihilators
  10 red draconians
  8 yellow draconians
  13 dire elephants
  7 purple draconians
  3 spark wasps
  16 white draconians
  6 merfolk impalers
  Snorg (D:12)
  19 slime creatures
  11 fire dragons
  7 deep elf death magi
  13 ettins
  3 crystal guardians
  5 deep elf high priests
  A blizzard demon (Depths:1)
  An entropy weaver (Vaults:4)
  4 merfolk javelineers (Shoals:4)
  13 yaktaur captains
  2 jiangshi (Depths:3)
  9 hydras
  8 ice dragons
  2 hell beasts
  38 vault guards
  4 great orbs of eyes (Vaults:3)
  4 salamander tyrants (Snake:4)
  4 peacekeepers
  2 rakshasas
  12 ironbound frosthearts
  2 catoblepae
  Erolcha (Arena)
  2 ogre magi
  3 spriggan air magi
  Erica (D:9)
  5 boulder beetles
  3 merfolk avatars
  An alligator snapping turtle (Shoals:4)
  2 death knights (Vaults:2)
  9 anacondas
  3 death yaks
  5 satyrs
  27 dancing weapons
  2 merfolk aquamancers (Shoals:4)
  7 centaur warriors
  19 naga warriors
  6 deep troll earth magi
  7 deep troll shamans
  6 tengu warriors
  6 two-headed ogres
  2 vampire magi
  12 naga sharpshooters
  4 spriggan berserkers (Depths:3)
  5 sun demons
  2 orc high priests
  22 deep elf knights
  20 hell knights
  7 shock serpents
  2 soul eaters
  Nergalle (Lair:1)
  Sonja (Lair:2)
  3 spriggans (Depths:3)
  A spectral death yak (Lair:5)
  A spark wasp zombie (Depths:1)
  6 iron trolls
  A death drake (Zot:1)
  A fire crab (shapeshifter) (Elf:2)
  7 salamander mystics
  3 skeletal warriors
  68 deep trolls
  7 naga ritualists
  17 sea snakes
  4 glowing orange brains
  5 bog bodies (Shoals:4)
  16 deep elf archers
  3 flayed ghosts
  18 lindwurms
  10 phantasmal warriors
  12 wizards
  12 ironbound convokers
  A wolf spider zombie (D:11)
  Pikel (D:8)
  24 deep elf zephyrmancers
  21 harpies
  15 necromancers
  A sphinx zombie (Depths:1)
  28 deep elf pyromancers
  2 orc knights
  18 manticores
  A salamander (shapeshifter) (D:15)
  5 fauns (Shoals:2)
  37 ugly things
  12 orc sorcerers
  7 cyclopes
  A faun (shapeshifter) (Depths:3)
  An oklob plant (Lair:3)
  A large abomination (Elf:1)
  23 moths of wrath
  10 mana vipers
  27 salamanders
  A tengu skeleton (Depths:1)
  10 merfolk sirens
  A centaur zombie (D:11)
  16 naga magi
  An elephant (Lair:4)
  A moth of wrath (shapeshifter) (D:14)
  A demonic crawler (Zot:4)
  4 guardian serpents
  Joseph (D:7)
  52 black mambas
  A smoke demon (Depths:2)
  17 vault sentinels
  10 water nymphs
  An eye of devastation (shapeshifter) (Vaults:5)
  A storm dragon simulacrum (Zot:3)
  5 torpor snails
  An ice statue (IceCv)
  2 gargoyles (D:12)
  8 centaur skeletons
  5 rime drakes
  4 kobold demonologists
  Psyche (D:10)
  2 unseen horrors
  Maggie (D:7)
  17 cane toads
  A human zombie (Vaults:4)
  An elf skeleton (Vaults:4)
  6 freezing wraiths
  51 yaktaurs
  9 komodo dragons
  2 guardian mummies (Zot:3)
  2 efreet
  A tengu conjurer (Depths:1)
  A golden dragon simulacrum (Zot:3)
  13 ice devils
  2 anaconda simulacra (IceCv)
  A yaktaur skeleton (Vaults:4)
  27 merfolk
  10 trolls
  2 hellwings (D:10)
  13 wind drakes
  A polar bear (shapeshifter) (Vaults:5)
  4 polar bears
  4 hornets
  3 snapping turtles
  A spriggan zombie (D:15)
  11 dream sheep
  6 blink frogs
  4 centaur simulacra (D:15)
  A shadow (D:12)
  2 spriggan skeletons
  6 wyverns
  2 ynoxinuls (Depths:4)
  5 air elementals
  2 ettin skeletons
  11 water elementals
  2 fire elementals (Elf:1)
  5 hogs (Shoals:4)
  3 dire elephant simulacra (IceCv)
  40 yaks
  6 basilisks
  5 steam dragons
  5 wraiths
  A golden eye (shapeshifter) (Elf:3)
  A human (Shoals:4)
  A redback simulacrum (D:15)
  A redback (shapeshifter) (Vaults:4)
  7 death yak simulacra
  2 redbacks (Vaults:4)
  A chaos spawn (Depths:4)
  7 vampire mosquitoes
  Menkaure (D:5)
  67 nagas
  A harpy simulacrum (IceCv)
  2 hydra simulacra (IceCv)
  19 water moccasins
  2 acid dragons
  2 floating eyes (Depths:1)
  A floating eye (shapeshifter) (Vaults:3)
  2 moth of wrath simulacra (Zot:3)
  25 orc warriors
  3 ice beasts
  3 black bears
  A meliai simulacrum (D:15)
  14 ogres
  A sky beast (D:7)
  8 centaurs
  16 wolves
  2 elf zombies (Elf:1)
  An elf simulacrum (Vaults:4)
  3 lemures (D:8)
  A phantom (D:5)
  13 bullfrogs
  9 kobold brigands
  A two-headed ogre simulacrum (IceCv)
  3 gnoll sergeants
  A necrophage (D:6)
  A glowing shapeshifter simulacrum (Vaults:4)
  An earth elemental (Elf:3)
  A scorpion (D:5)
  7 cane toad simulacra (IceCv)
  A hornet simulacrum (D:15)
  3 wights (D:8)
  16 killer bees
  2 elephant simulacra (IceCv)
  5 electric eels
  4 howler monkeys
  A jelly (D:4)
  5 gnoll boudas
  15 orc priests
  3 hounds
  3 iguanas
  37 orc wizards
  A troll simulacrum (IceCv)
  A spriggan simulacrum (IceCv)
  2 polar bear simulacra (IceCv)
  3 wolf simulacra (IceCv)
  2 human simulacra (D:9)
  A boggart simulacrum (D:15)
  A mummy (Ossuary)
  28 gnolls
  11 adders
  2 naga simulacra (IceCv)
  5 shadow imps
  5 white imps
  3 ufetubi
  2 adder zombies (D:3)
  2 worms
  2 dart slugs
  100 orcs
  6 spectral bats (Ossuary)
  8 ball pythons
  An endoplasm (D:3)
  4 giant cockroaches
  12 hobgoblins
  7 jackals (D:2)
  2 quokkas
  2 bats (D:3)
  2 bat simulacra (Ossuary)
  3 frilled lizards
  12 gnoll zombies (Ossuary)
  8 goblins
  6 goblin simulacra (Ossuary)
  3 goblin zombies (Ossuary)
  6 hobgoblin zombies (Ossuary)
  40 kobolds
  A kobold simulacrum (Ossuary)
  6 kobold zombies (Ossuary)
  3 orc zombies (Ossuary)
  4 rats
  2 rat simulacra (Ossuary)
  4 spectral goblins (Ossuary)
  2 spectral rats (Ossuary)
  3 tentacles (Shoals:4)
2363 creatures vanquished.

Vanquished Creatures (others)
  A dread lich (Zot:5)
  A draconian scorcher (Zot:1)
  A white draconian (Zot:1)
  An ice dragon (Depths:1)
  A naga warrior (Snake:4)
  A wizard (Vaults:1)
  A deep elf zephyrmancer (Elf:1)
  An unseen horror (D:12)
  A merfolk (Shoals:4)
  3 nagas
  3 orc wizards
  An orc (Orc:2)
  41 fungi
  57 plants
  13 tentacles (Shoals:4)
  6 withered plants
133 creatures vanquished.

Grand Total: 2496 creatures vanquished

Notes
Turn   | Place    | Note
-------+----------+-------------------------------------------
     0 | D:1      | witwit the Minotaur Fighter began the quest for the Orb.
     0 | D:1      | Reached XP level 1. HP: 19/19 MP: 0/0
   186 | D:1      | Found Xiene's General Store.
   382 | D:1      | HP: 1/20 [something (19)]
   758 | D:1      | Reached XP level 2. HP: 27/27 MP: 1/1
   907 | D:2      | Reached skill level 3 in Maces & Flails
   956 | D:2      | Found Loenkee's Armour Shop.
   969 | D:2      | Reached XP level 3. HP: 33/33 MP: 2/2
  1113 | D:2      | Reached skill level 1 in Dodging
  1332 | D:3      | Reached skill level 1 in Throwing
  1359 | D:3      | Found a basalt altar of Yredelemnul.
  1444 | D:3      | Reached XP level 4. HP: 40/40 MP: 3/3
  1740 | D:3      | Noticed a black bear
  1745 | D:3      | Killed a black bear
  1746 | D:3      | Reached skill level 4 in Maces & Flails
  1746 | D:3      | Reached XP level 5. HP: 43/46 MP: 4/4
  2234 | D:4      | Found a shadowy altar of Dithmenos.
  2360 | D:4      | Reached XP level 6. HP: 52/53 MP: 5/5
  2468 | D:4      | Noticed an ice beast
  2472 | D:4      | Found a sand-covered staircase.
  2477 | Ossuary  | Entered an ossuary
  2775 | D:4      | Killed an ice beast
  3248 | D:1      | Bought a scroll of identify for 22 gold pieces
  3248 | D:1      | Bought a scroll of teleportation for 33 gold pieces
  3248 | D:1      | Bought a potion of curing for 33 gold pieces
  3248 | D:1      | Bought a scroll of poison for 44 gold pieces
  3338 | D:5      | Entered Level 5 of the Dungeon
  3381 | D:4      | Reached skill level 5 in Maces & Flails
  3388 | D:5      | Reached skill level 5 in Shields
  3484 | D:5      | Reached XP level 7. HP: 60/60 MP: 6/6
  3489 | D:5      | Reached skill level 5 in Fighting
  3495 | D:5      | Reached skill level 5 in Armour
  3537 | D:5      | Found Vahek's Antique Armour Emporium.
  3620 | D:5      | Found an ornate altar of the Wu Jian Council.
  3710 | D:5      | Noticed Menkaure
  3717 | D:5      | Killed Menkaure
  3910 | D:5      | Reached skill level 6 in Maces & Flails
  3955 | D:6      | Noticed a +0 spear
  3955 | D:6      | Noticed a +0 falchion
  3955 | D:6      | Noticed a +0 falchion
  3955 | D:6      | Noticed a +0 short sword
  3955 | D:6      | Noticed a +0 dagger
  3955 | D:6      | Noticed a +0 short sword
  3955 | D:6      | Noticed a +0 dagger
  3955 | D:6      | Noticed a +0 spear
  3998 | D:6      | Reached XP level 8. HP: 65/69 MP: 7/7
  4262 | D:5      | Bought a shiny chain mail for 142 gold pieces
  4369 | D:6      | Found a hide-covered altar of Uskayaw.
  4543 | D:5      | Reached skill level 7 in Maces & Flails
  5053 | D:7      | Noticed Maggie
  5060 | D:7      | Paralysed by Maggie for 5 turns
  5077 | D:7      | Killed Maggie
  5235 | D:7      | Reached XP level 9. HP: 78/78 MP: 8/8
  5242 | D:7      | Reached skill level 8 in Maces & Flails
  5282 | D:7      | You fall into a shaft and drop 2 floors!
  5304 | D:9      | Reached skill level 5 in Dodging
  5601 | D:8      | Reached skill level 9 in Maces & Flails
  5621 | D:8      | Reached skill level 5 in Throwing
  5702 | D:8      | Reached XP level 10. HP: 73/86 MP: 9/9
  5779 | D:7      | Found a staircase to the Ecumenical Temple.
  5791 | Temple   | Entered the Ecumenical Temple
  5810 | Temple   | Became a worshipper of Warmaster Okawaru
  6097 | D:7      | Identified a scroll of acquirement
  6098 | D:7      | Acquired a manual of Evocations
  6254 | D:7      | Paralysed by a hornet for 1 turns
  6255 | D:7      | Reached * piety under Okawaru
  6256 | D:7      | Reached skill level 1 in Evocations
  6326 | D:2      | Bought a +2 pair of boots of rampaging for 279 gold pieces
  6481 | D:7      | Found a glowing silver altar of Zin.
  6498 | D:7      | Noticed Joseph
  6509 | D:7      | Killed Joseph
  6510 | D:7      | Reached skill level 10 in Maces & Flails
  6935 | D:8      | Reached ** piety under Okawaru
  6936 | D:8      | Reached skill level 1 in Invocations
  6997 | D:8      | Found an ancient bone altar of Kikubaaqudgha.
  7267 | D:8      | Noticed Pikel
  7291 | D:8      | Killed Pikel
  7411 | D:8      | Found a sacrificial altar of Ru.
  7582 | D:8      | Reached *** piety under Okawaru
  8014 | D:9      | Reached XP level 11. HP: 90/95 MP: 11/11
  8080 | D:9      | Noticed Erica
  8092 | D:9      | Killed Erica
  8093 | D:9      | Reached skill level 11 in Maces & Flails
  8381 | D:10     | Entered Level 10 of the Dungeon
  8405 | D:10     | Found a staircase to the Lair.
  8472 | D:10     | Found a bloodstained altar of Trog.
  8477 | D:10     | Noticed a two-headed ogre
  8488 | D:10     | Killed a two-headed ogre
  8500 | D:10     | Found a white marble altar of Elyvilon.
  8546 | D:10     | Reached **** piety under Okawaru
  8597 | D:10     | Found a blossoming altar of Fedhas.
  8608 | D:10     | Found a shimmering altar of Xom.
  8609 | D:10     | Found a burning altar of Makhleb.
  8609 | D:10     | Found a glowing golden altar of the Shining One.
  8611 | D:10     | Found an opulent altar of Gozag.
  8687 | D:10     | Noticed Psyche
  8697 | D:10     | Killed Psyche
  8809 | D:10     | Learned a level 2 spell: Wereblood
  8875 | D:10     | Found Liosiopp's Armour Boutique.
  8911 | Lair:1   | Entered Level 1 of the Lair of Beasts
  9067 | Lair:1   | Noticed a five-headed hydra
  9091 | Lair:1   | Killed a five-headed hydra
  9148 | Lair:1   | Reached skill level 1 in Transmutations
  9177 | Lair:1   | Received a gift from Okawaru
  9206 | Lair:1   | Reached ***** piety under Okawaru
  9287 | Lair:1   | Noticed Nergalle
  9301 | Lair:1   | Killed Nergalle
  9302 | Lair:1   | Reached skill level 5 in Evocations
 10102 | Lair:2   | Received a gift from Okawaru
 10103 | Lair:2   | Reached skill level 12 in Maces & Flails
 10342 | Lair:2   | Reached XP level 12. HP: 104/104 MP: 13/13
 10347 | Lair:2   | Found a staircase to the Snake Pit.
 10524 | Lair:2   | Identified the +1 pair of boots "Zawig" {-Tele Harm +Inv
                  | Int-4} (Okawaru gifted it to you on level 2 of the Lair of
                  | Beasts)
 10524 | Lair:2   | Received a gift from Okawaru
 10672 | Lair:2   | Noticed Sonja
 10679 | Lair:2   | Noticed a seven-headed hydra
 10692 | Lair:2   | Killed Sonja
 10697 | Lair:2   | Killed a seven-headed hydra
 11577 | Lair:3   | Reached skill level 13 in Maces & Flails
 12581 | Lair:4   | Noticed a death yak
 12593 | Lair:3   | Killed a death yak
 12594 | Lair:3   | Reached skill level 10 in Armour
 12675 | Lair:4   | Reached skill level 10 in Shields
 12678 | Lair:4   | Reached skill level 10 in Fighting
 12775 | Lair:4   | Reached skill level 5 in Invocations
 12835 | Lair:4   | Reached XP level 13. HP: 113/113 MP: 15/15
 13138 | Lair:4   | Received a gift from Okawaru
 13240 | Lair:4   | Identified the +3 chain mail of Autotheism {rPois rC+ Str+3
                  | Slay+2}
 13553 | Lair:4   | Reached skill level 14 in Maces & Flails
 13720 | Lair:4   | Reached ****** piety under Okawaru
 13720 | Lair:4   | Received a gift from Okawaru
 14397 | Lair:5   | Entered Level 5 of the Lair of Beasts
 14554 | Lair:5   | Found a staircase to the Slime Pits.
 14776 | Lair:5   | Received a gift from Okawaru
 14856 | Lair:5   | Reached XP level 14. HP: 118/122 MP: 17/17
 15317 | D:10     | Received a gift from Okawaru
 15371 | D:11     | Received a gift from Okawaru
 15625 | D:11     | Identified the +4 whip of Demand {venom, *Corrode rElec rN+
                  | Str+2}
 15981 | D:12     | Found a frozen archway.
 16006 | IceCv    | Entered an ice cave
 16460 | IceCv    | Received a gift from Okawaru
 16461 | IceCv    | Reached skill level 15 in Maces & Flails
 16506 | IceCv    | Found an ancient bone altar of Kikubaaqudgha.
 16737 | IceCv    | Reached skill level 5 in Transmutations
 17025 | IceCv    | Got Oditesadgh's Book of Horrible Rime
 17287 | D:12     | Noticed Snorg
 17298 | D:12     | Killed Snorg
 17373 | D:12     | Received a gift from Okawaru
 17388 | D:12     | Found a staircase to the Orcish Mines.
 17821 | Orc:1    | Entered Level 1 of the Orcish Mines
 17876 | Orc:1    | Paralysed by an orc sorcerer for 5 turns
 18064 | Orc:2    | Entered Level 2 of the Orcish Mines
 18674 | Orc:2    | Found a radiant altar of Vehumet.
 18674 | Orc:2    | Noticed Erolcha
 18675 | Arena    | Entered the Arena
 18681 | Arena    | Killed Erolcha
 18704 | Orc:2    | Found Deohe's Book Boutique.
 18734 | Orc:2    | Found an ancient bone altar of Kikubaaqudgha.
 18762 | Orc:2    | Found Ciarphis's Distillery.
 18769 | Orc:2    | Found Hituguill's Antique Armour Boutique.
 18778 | Orc:2    | Identified the +4 kite shield of the Stag {Str-4 Dex+4
                  | Stlth+} (Okawaru gifted it to you on level 2 of the Orcish
                  | Mines)
 18778 | Orc:2    | Received a gift from Okawaru
 18783 | Orc:2    | Reached XP level 15. HP: 129/132 MP: 19/19
 18806 | Orc:2    | Found Wisebb's Antique Weapon Shop.
 18808 | Orc:2    | Bought a potion of berserk rage for 65 gold pieces
 18808 | Orc:2    | Bought a potion of heal wounds for 65 gold pieces
 18808 | Orc:2    | Bought a potion of curing for 39 gold pieces
 18808 | Orc:2    | Bought a potion of cancellation for 104 gold pieces
 18808 | Orc:2    | Bought a potion of heal wounds for 65 gold pieces
 18826 | Orc:2    | Bought a transparent hat for 252 gold pieces
 18826 | Orc:2    | Identified the +1 hat of the Harp {-Tele rC++ Int+3 SInv}
                  | (You bought it in a shop on level 2 of the Orcish Mines)
 18826 | Orc:2    | Bought a masterwork cloak for 266 gold pieces
 18826 | Orc:2    | Identified the +1 cloak of the Date {rN+ Str+3} (You bought
                  | it in a shop on level 2 of the Orcish Mines)
 19398 | Orc:2    | Found a staircase to the Elven Halls.
 20346 | D:13     | Found a gate to the Vaults.
 20657 | D:14     | Reached skill level 16 in Maces & Flails
 20657 | D:14     | Reached skill level 10 in Evocations
 21456 | D:14     | Found a hazy altar of Hepliaklqana.
 21671 | D:15     | Entered Level 15 of the Dungeon
 21695 | D:15     | Reached skill level 10 in Throwing
 22072 | D:15     | Found a staircase to the Depths.
 22076 | D:15     | Received a gift from Okawaru
 22119 | D:15     | Received a gift from Okawaru
 22444 | D:15     | Received a gift from Okawaru
 22906 | Snake:1  | Entered Level 1 of the Snake Pit
 23198 | Snake:1  | Found Dijudd's One-of-a-Kind Rings.
 23207 | Snake:1  | Reached skill level 1 in Stealth
 23216 | Snake:1  | Reached XP level 16. HP: 73/141 MP: 21/21
 23779 | Snake:2  | Identified the +1 plate armour "Leviusa" {rCorr} (Okawaru
                  | gifted it to you on level 2 of the Snake Pit)
 23779 | Snake:2  | Received a gift from Okawaru
 24150 | Snake:2  | Reached XP level 17. HP: 149/149 MP: 22/22
 24924 | Snake:3  | Noticed Vashnia
 24942 | Snake:3  | Noticed Agnes
 24955 | Snake:3  | Killed Agnes
 25019 | Snake:3  | Killed Vashnia
 25258 | Snake:3  | Noticed Asterion
 25274 | Snake:3  | Killed Asterion
 25513 | Snake:3  | Received a gift from Okawaru
 26013 | Snake:4  | Entered Level 4 of the Snake Pit
 26391 | Snake:4  | Reached XP level 18. HP: 151/158 MP: 24/24
 26491 | Snake:4  | Reached skill level 10 in Dodging
 26548 | Snake:4  | Identified the +9 falchion of Zimish {pain, Drain MP+9
                  | Str+3}
 26763 | Snake:4  | Received a gift from Okawaru
 27207 | Snake:4  | Received a gift from Okawaru
 27408 | Snake:4  | Got a serpentine rune of Zot
 27724 | Depths:1 | Entered Level 1 of the Depths
 28070 | Shoals:1 | Entered Level 1 of the Shoals
 28937 | Shoals:2 | Reached skill level 5 in Stealth
 29096 | Shoals:2 | Received a gift from Okawaru
 29354 | Shoals:2 | Identified the +1 robe of Jaff {Will+}
 29368 | Shoals:2 | Found a large runed translucent door.
 29368 | Shoals:2 | Found a large runed translucent door.
 29719 | Shoals:2 | Reached skill level 10 in Invocations
 30144 | Orc:2    | Bought the +2 shield of Resistance {rF++ rC++ Will++} for
                  | 1974 gold pieces
 30144 | Orc:2    | Found the +2 shield of Resistance {rF++ rC++ Will++}
 30559 | Shoals:2 | Noticed Caerwyn's ghost (adept GrEE)
 31223 | Shoals:4 | Entered Level 4 of the Shoals
 31233 | Shoals:4 | Reached XP level 19. HP: 150/167 MP: 25/25
 31495 | Shoals:4 | Noticed Kirke
 31496 | Shoals:4 | Noticed Louise
 31517 | Shoals:4 | Killed Kirke
 31523 | Shoals:4 | Received a gift from Okawaru
 31530 | Shoals:4 | Killed Louise
 31531 | Shoals:4 | Reached skill level 15 in Armour
 31536 | Shoals:4 | Reached skill level 17 in Maces & Flails
 31672 | Shoals:4 | Noticed Aizul
 31701 | Shoals:4 | Killed Aizul
 32069 | Shoals:4 | Identified the +0 pair of gloves of Okawaru's Generosity
                  | {Rampage Regen+} (Okawaru gifted it to you on level 4 of
                  | the Shoals)
 32069 | Shoals:4 | Received a gift from Okawaru
 32427 | Shoals:4 | Identified the amulet "Xueshrei" {Spirit rElec}
 32562 | Shoals:4 | Identified the +4 falchion "Imp's Nightmare" {protect,
                  | Str-5 Int+3 SInv}
 32949 | Shoals:4 | Got a barnacled rune of Zot
 33352 | Vaults:1 | Entered Level 1 of the Vaults
 33768 | Vaults:1 | Identified the +4 chain mail of Weif {rC+ MP+9} (Okawaru
                  | gifted it to you on level 1 of the Vaults)
 33768 | Vaults:1 | Received a gift from Okawaru
 34062 | Vaults:1 | Identified the amulet "Imoxyr" {RegenMP +Inv Str+6 Stlth+}
 34471 | Vaults:1 | Found Orad's Assorted Antiques.
 34837 | Vaults:1 | Upgraded the game from 0.30-a0-719-gcc4359e to
                  | 0.30-a0-721-ga6a225c
 35078 | Vaults:2 | Reached XP level 20. HP: 168/177 MP: 24/27
 35143 | Vaults:2 | Reached skill level 15 in Fighting
 35340 | Vaults:2 | Found a staircase to the Crypt.
 35707 | Vaults:2 | Received a gift from Okawaru
 36175 | Vaults:2 | Reached skill level 18 in Maces & Flails
 36610 | Vaults:3 | Received a gift from Okawaru
 36881 | Vaults:3 | Identified the +1 pair of gloves "Georghidas" {Harm Regen+
                  | Str-4 Int-4}
 37363 | Vaults:3 | Found a transporter.
 37382 | Vaults:3 | Found a transporter.
 38028 | Vaults:4 | Identified the +2 pair of gloves of the Nexus {-Tele +Inv
                  | rPois SInv} (Okawaru gifted it to you on level 4 of the
                  | Vaults)
 38028 | Vaults:4 | Received a gift from Okawaru
 38056 | Vaults:4 | Reached skill level 10 in Transmutations
 38080 | Vaults:4 | Reached XP level 21. HP: 158/187 MP: 19/28
 38174 | Vaults:4 | Reached skill level 15 in Throwing
 38543 | Vaults:4 | Identified the +3 arbalest "Omniorao" {freeze, MP+9}
 38771 | Vaults:4 | Found the amulet of the Four Winds {rN+ Will+++ Clar}
 39079 | Vaults:4 | Found Isetag's Weapon Shoppe.
 39524 | Elf:1    | Entered Level 1 of the Elven Halls
 39584 | Elf:1    | Paralysed by an air elemental for 1 turns
 39815 | Elf:1    | Found Athyo's Book Shop.
 39901 | Elf:1    | Received a gift from Okawaru
 40091 | Elf:1    | Paralysed by an air elemental for 1 turns
 40248 | Elf:1    | Received a gift from Okawaru
 40576 | Elf:2    | Found Yruath's Weapon Shoppe.
 40784 | Elf:2    | Received a gift from Okawaru
 41303 | Elf:2    | Found a runed translucent gate.
 41304 | Elf:2    | Found a runed translucent gate.
 41304 | Elf:2    | Found a runed translucent gate.
 41372 | Elf:2    | Reached skill level 19 in Maces & Flails
 41927 | Elf:3    | Entered Level 3 of the Elven Halls
 41927 | Elf:3    | Found Guho's Antique Armour Shop.
 42053 | Elf:3    | Found an ancient bone altar of Kikubaaqudgha.
 42108 | Elf:3    | Paralysed by an air elemental for 1 turns
 42502 | Elf:3    | Reached XP level 22. HP: 196/196 MP: 30/30
 42792 | Elf:3    | Received a gift from Okawaru
 42844 | Elf:3    | Received a gift from Okawaru
 42868 | Elf:3    | Identified the ring of the Enfolding Coward {MP+9 Int+6}
 42950 | Elf:3    | Upgraded the game from 0.30-a0-721-ga6a225c to
                  | 0.30-a0-722-g3e6e8c8
 42979 | Elf:3    | Identified the ring of Yghats {*Slow Will+ Int+9 Dex+5}
 42996 | Elf:3    | Identified the +6 fire dragon scales of Liemymne {rF++ rC-
                  | Dex+2}
 42998 | Elf:3    | Identified the +6 shortbow "Eviomu Vioso" {heavy, Will+}
 43004 | Elf:3    | Identified the +2 plate armour "Cynleexiwa" {rN++}
 43022 | Elf:3    | Identified the +1 chain mail of Malugyas {rC+ Int+3}
 43889 | Snake:1  | Bought the ring "Ochenu" {rElec rPois rF+ rC+ rCorr} for
                  | 1004 gold pieces
 44431 | Elf:3    | Identified the +8 chain mail "Usiunegu" {SInv}
 44764 | Depths:1 | Received a gift from Okawaru
 44943 | Depths:1 | Noticed AnyaLaVert's ghost (journeyman MiFi)
 44945 | Depths:1 | Found a runed translucent door.
 45042 | Depths:1 | Identified the +4 scale mail of the Desert {Regen+ Str-2
                  | Dex-2 Stlth+}
 45052 | Depths:1 | Identified the ring of Hyrghabig {rC+ Stlth+}
 45434 | Depths:1 | Found a gateway to Hell.
 45455 | Depths:1 | Received a gift from Okawaru
 45532 | Depths:1 | Identified the +2 ring mail of Tenacity {Regen+ Str+2}
 45719 | Depths:1 | Reached skill level 20 in Maces & Flails
 46076 | Depths:1 | Killed AnyaLaVert's ghost
 46256 | Depths:2 | Found a gateway to a bazaar.
 46296 | Bazaar   | Entered a bazaar
 46298 | Bazaar   | Found Fockes's Antique Weapon Boutique.
 46302 | Bazaar   | Found Hefen's Armour Boutique.
 46302 | Bazaar   | Found Cybbupegh's Antique Weapon Boutique.
 46303 | Bazaar   | Found Lizoich's Antique Weapon Boutique.
 46346 | Depths:2 | Noticed Sojobo
 46354 | Depths:2 | Killed Sojobo
 46399 | Depths:2 | Noticed Vv
 46421 | Depths:2 | Killed Vv
 46562 | Depths:2 | Noticed Grunn
 46567 | Depths:2 | Killed Grunn
 46739 | Depths:2 | Received a gift from Okawaru
 47112 | Depths:2 | Noticed Nikola
 47120 | Depths:2 | Killed Nikola
 47518 | Depths:2 | Reached XP level 23. HP: 206/206 MP: 31/31
 47525 | Depths:2 | Reached skill level 15 in Dodging
 47645 | Depths:2 | Found a one-way gate leading to the halls of Pandemonium.
 47824 | Depths:3 | Received a gift from Okawaru
 47892 | Depths:3 | Noticed Parghit
 48078 | Depths:3 | Killed Parghit
 48130 | Depths:3 | Noticed a juggernaut
 48142 | Depths:2 | Killed a juggernaut
 48142 | Depths:2 | Identified the +0 ring mail "Plog" {rF+ Will+ Str+3 Int+3}
                  | (Okawaru gifted it to you on level 2 of the Depths)
 48142 | Depths:2 | Received a gift from Okawaru
 48198 | Depths:3 | Found a one-way gate to the infinite horrors of the Abyss.
 49034 | Depths:3 | Identified the +5 ring mail "Udij" {rF+ rN+ Dex+3}
 49095 | Depths:3 | Noticed Saint Roka
 49108 | Depths:3 | Killed Saint Roka
 49402 | Depths:4 | Entered Level 4 of the Depths
 49410 | Depths:4 | Reached skill level 21 in Maces & Flails
 49723 | Depths:4 | Found a one-way gateway to a ziggurat.
 50111 | Depths:4 | Found a runed translucent gate.
 50111 | Depths:4 | Found a runed translucent gate.
 50111 | Depths:4 | Found a runed translucent gate.
 50112 | Depths:4 | Noticed Vocvoclymyo's ghost (veteran DgFi)
 50386 | Depths:4 | Received a gift from Okawaru
 50455 | Depths:4 | Found a gate to the Realm of Zot.
 50746 | Vaults:5 | Entered Level 5 of the Vaults
 50759 | Vaults:5 | Reached skill level 15 in Evocations
 50807 | Vaults:5 | Noticed a dread lich
 50824 | Vaults:4 | Killed a dread lich
 50825 | Vaults:4 | Reached XP level 24. HP: 216/216 MP: 31/31
 50880 | Vaults:5 | Received a gift from Okawaru
 51167 | Vaults:4 | Received a gift from Okawaru
 51223 | Vaults:5 | Identified the +1 scimitar of Miojam {holy, Will+}
 51417 | Vaults:5 | Received a gift from Okawaru
 51566 | Vaults:5 | Identified the +8 dire flail of the Furious {heavy, rElec}
 51611 | Vaults:5 | Received a gift from Okawaru
 51751 | Vaults:5 | Noticed a juggernaut
 51752 | Vaults:5 | a juggernaut changed into a shard shrike
 51752 | Vaults:5 | Noticed a shard shrike (glowing shapeshifter)
 51758 | Vaults:5 | a shard shrike changed into a titan
 51782 | Vaults:5 | Received a gift from Okawaru
 52111 | Vaults:5 | Received a gift from Okawaru
 52123 | Vaults:5 | Reached skill level 22 in Maces & Flails
 52725 | Vaults:5 | Got a silver rune of Zot
 52910 | Vaults:5 | Found Niploer's Jewellery Shop.
 52913 | Vaults:5 | Found Poqaifax's Magic Scroll Shoppe.
 52921 | Vaults:5 | Bought a scroll of fear for 80 gold pieces
 52921 | Vaults:5 | Bought a scroll of teleportation for 60 gold pieces
 52921 | Vaults:5 | Bought a scroll of poison for 80 gold pieces
 52921 | Vaults:5 | Bought a scroll of poison for 80 gold pieces
 53033 | Vaults:5 | Identified the +0 pair of boots of the Disturbing Wars
                  | {Will++ Dex+2} (Okawaru gifted it to you on level 5 of the
                  | Vaults)
 53033 | Vaults:5 | Received a gift from Okawaru
 53054 | Vaults:5 | Identified the +10 shortbow "Dooxikiq" {heavy, Fly rC+
                  | Stlth+}
 53399 | Vaults:5 | Noticed an ancient lich
 53403 | Vaults:5 | Killed an ancient lich
 53506 | Vaults:5 | Found Pajodu's Jewellery Shop.
 53507 | Vaults:5 | Identified the +1 hand axe "Hoyw" {heavy, rCorr Int+5}
 53515 | Vaults:5 | Identified the +4 pair of gloves of Beogh's Fury {rC+ rN+
                  | SInv Stlth-}
 53519 | Vaults:5 | Got Hesisekh's Anthology of Permutations and Cinders
 53526 | Vaults:5 | Got the Monograph on the Xenolith and Percussion
 53763 | Vaults:5 | Bought a scroll of enchant weapon for 150 gold pieces
 54087 | Zot:1    | Entered Level 1 of the Realm of Zot
 54433 | Zot:1    | Identified the +1 dagger of the Doomed Warrior {drain, rF-
                  | Dex+3}
 54501 | Zot:1    | Reached XP level 25. HP: 162/225 MP: 32/32
 54826 | Orc:2    | Bought a glowing crystal plate armour for 2324 gold pieces
 55174 | Shoals:2 | Killed Caerwyn's ghost
 55179 | Shoals:2 | Identified the +4 longbow of Soyckann {speed, rF- Int+5
                  | Dex+4}
 55648 | Vaults:3 | Identified the amulet of Vungun {Faith rF++ Regen+ Str+3
                  | SInv}
 55984 | Depths:4 | Killed Vocvoclymyo's ghost
 56122 | Zot:1    | Identified the +10 morningstar of Jareixikh {venom, *Rage
                  | Drain rCorr Str+7} (Okawaru gifted it to you on level 1 of
                  | the Realm of Zot)
 56122 | Zot:1    | Received a gift from Okawaru
 57022 | Zot:1    | Identified the +5 flail "Pyabluot" {heavy, *Corrode rElec
                  | rPois SInv}
 57034 | Zot:1    | Identified the +9 plate armour of the Snail {SInv} (Okawaru
                  | gifted it to you on level 1 of the Realm of Zot)
 57034 | Zot:1    | Received a gift from Okawaru
 58059 | Zot:3    | Identified the ring "Xunep" {Ice rElec rCorr Int+2}
 58059 | Zot:3    | Noticed Josephina
 58059 | Zot:3    | Noticed a Killer Klown
 58221 | Zot:3    | Noticed an ancient lich
 58255 | Zot:3    | Killed an ancient lich
 58375 | Zot:3    | Reached skill level 23 in Maces & Flails
 58748 | Zot:3    | Identified the +1 pair of gloves of Magic {*Slow rC+ Dex+3}
                  | (Okawaru gifted it to you on level 3 of the Realm of Zot)
 58748 | Zot:3    | Received a gift from Okawaru
 58915 | Zot:3    | Killed Josephina
 59214 | Zot:3    | Lost intelligence.
 60072 | Zot:4    | Reached XP level 26. HP: 110/236 MP: 31/32
 61135 | Zot:5    | Entered Level 5 of the Realm of Zot
 61142 | Zot:5    | Received a gift from Okawaru
 61244 | Zot:5    | Received a gift from Okawaru
 61245 | Zot:5    | Noticed an orb of fire
 61251 | Zot:5    | Gained mutation: You are occasionally teleported next to
                  | monsters. [an orb of fire]
 61259 | Zot:5    | Gained mutation: You sometimes lose your temper in combat.
                  | [an orb of fire]
 61262 | Zot:5    | Killed an orb of fire
 61265 | Zot:5    | Received a gift from Okawaru
 61268 | Zot:5    | Noticed an orb of fire
 61276 | Zot:5    | Gained mutation: You have an uncontrollable temper. [an orb
                  | of fire]
 61279 | Zot:5    | Noticed an orb of fire
 61280 | Zot:5    | Killed an orb of fire
 61281 | Zot:5    | Noticed an orb of fire
 61282 | Zot:5    | Gained mutation: You occasionally lose the ability to read
                  | scrolls when taking damage. [an orb of fire]
 61282 | Zot:5    | Noticed an ancient lich
 61283 | Zot:5    | Noticed an ancient lich
 61285 | Zot:5    | Gained mutation: Armour fits poorly on your strangely
                  | shaped body. [an orb of fire]
 61286 | Zot:5    | Gained mutation: You are weak. (Str -2) [an orb of fire]
 61288 | Zot:5    | Noticed an ancient lich
 61291 | Zot:5    | Killed an orb of fire
 61291 | Zot:5    | Received a gift from Okawaru
 61319 | Zot:5    | Gained mutation: You are very weak. (Str -4) [an orb of
                  | fire]
 61329 | Zot:5    | Killed an orb of fire
 61617 | Zot:5    | Killed an ancient lich
 61664 | Zot:5    | Lost mutation: You have an uncontrollable temper. [potion
                  | of mutation]
 61664 | Zot:5    | Lost mutation: You are occasionally teleported next to
                  | monsters. [potion of mutation]
 61664 | Zot:5    | Gained mutation: You are frail. (-10% HP) [potion of
                  | mutation]
 61664 | Zot:5    | Lost mutation: You are frail. (-10% HP) [potion of
                  | mutation]
 61664 | Zot:5    | Lost mutation: You are very weak. (Str -4) [potion of
                  | mutation]
 61665 | Zot:5    | Lost mutation: You are weak. (Str -2) [potion of mutation]
 61665 | Zot:5    | Lost mutation: You occasionally lose the ability to read
                  | scrolls when taking damage. [potion of mutation]
 61665 | Zot:5    | Gained mutation: You have a pair of large horns on your
                  | head. [potion of mutation]
 61666 | Zot:5    | Lost mutation: You have a pair of large horns on your head.
                  | [potion of mutation]
 61666 | Zot:5    | Lost mutation: Armour fits poorly on your strangely shaped
                  | body. [potion of mutation]
 61666 | Zot:5    | Lost mutation: You sometimes lose your temper in combat.
                  | [potion of mutation]
 61666 | Zot:5    | Gained mutation: Your spells are a little easier to cast,
                  | but a little less powerful. [potion of mutation]
 61696 | Zot:5    | Killed an ancient lich
 61790 | Zot:5    | Noticed a dread lich
 61791 | Zot:5    | Noticed a dread lich
 61792 | Zot:5    | Noticed an ancient lich
 61792 | Zot:5    | Noticed a dread lich
 61804 | Zot:5    | Killed a dread lich
 61814 | Zot:5    | Killed a dread lich
 61819 | Zot:5    | Killed an ancient lich
 61819 | Zot:5    | Identified the +0 scale mail "Hiuf" {Int+3} (Okawaru gifted
                  | it to you on level 5 of the Realm of Zot)
 61819 | Zot:5    | Received a gift from Okawaru
 61824 | Zot:5    | Killed a dread lich
 61825 | Zot:5    | Reached skill level 24 in Maces & Flails
 61901 | Zot:5    | Noticed an ancient lich
 61912 | Zot:5    | Killed an ancient lich
 61954 | Zot:5    | Noticed a dread lich
 61956 | Zot:5    | Noticed an ancient lich
 61956 | Zot:5    | Noticed an orb of fire
 62057 | Zot:5    | Killed an orb of fire
 62090 | Zot:5    | Killed a dread lich
 62288 | Zot:5    | Reached XP level 27. HP: 225/246 MP: 30/32
 62319 | Zot:5    | Killed an ancient lich
 62532 | Zot:5    | Killed an ancient lich
 62754 | Zot:5    | Lost intelligence.
 62761 | Zot:5    | Gained mutation: You occasionally lose the ability to read
                  | scrolls when taking damage. [a neqoxec]
 63041 | Zot:5    | Got the Orb of Zot
 63156 | Depths:4 | Noticed Seycs the pandemonium lord
 63168 | Depths:4 | Killed Seycs the pandemonium lord
 63442 | D:7      | Identified the +5 mace of the Unseen Realm {flame, rPois
                  | rC++} (Okawaru gifted it to you on level 7 of the Dungeon)
 63442 | D:7      | Received a gift from Okawaru
 63596 | D:$      | Escaped with the Orb!

Illustrated notes

Levels and vault maps discovered:
D:1:      dpeg_arrival_windows_large_door, layout_basic, serial_shops,
          shop_fountains, lemuel_flame_loot_1
D:2:      layout_basic, serial_shops, shop
D:3:      layout_loops_corners, lemuel_zombie_altar_yredelemnul,
          minmay_misc_feat_diagonals
D:4:      layout_rooms, mainiacjoe_overflow_chevrons, enter_ossuary_5,
          minmay_starry_boxes
D:5:      layout_cave_pools, mainiacjoe_overflow_surrounded_room, serial_shops,
          nicolae_lakefront_shop, minmay_misc_feat_tower, uniq_menkaure
D:6:      layout_cave_pods, nicolae_uskayaw_en_pointe
D:7:      kennysheep_housing_project, layout_basic, zin_statuary,
          minmay_temple_entry_proselytizer, uniq_joseph, uniq_maggie
D:8:      kennysheep_steamy, layout_loops_corners,
          mainiacjoe_overflow_cross_hatched, marbit_many_paths, uniq_pikel
D:9:      layout_basic, bh_circular_ruins, uniq_erica
D:10:     layout_roguey, minitemple, mainiacjoe_overflow_large_starburst,
          dpeg_oklobed_lair, serial_shops, kennysheep_mini_moat, uniq_psyche
D:11:     cheibrodos_grave_circle, layout_rooms
D:12:     layout_roguey, david_orc_2, portal_ice_cave_demonic_guard,
          grunt_decor_resistance, uniq_snorg
D:13:     layout_stronghold, hangedman_vaults_entry_quadrant_bands
D:14:     layout_stronghold, nicolae_hepliaklqana_hazy_memory
D:15:     gammafunk_depths_entry_grave, layout_basic, hangedman_decor_lopped,
          serial_ice, serial_ice_d, serial_ice_m, serial_ice_f, serial_ice_h,
          serial_ice_k, serial_ice_c, serial_ice_n
Temple:   hellmonk_temple_micro_hex
Lair:1:   layout_small_grid, uniq_nergalle
Lair:2:   layout_cave_pods, dummy_snake_entry, st_stairs_3, uniq_sonja
Lair:3:   layout_cave_shapes, nicolae_shoals_entry_flooding, grunt_megastairs_4,
          infiniplex_staircase_pool_2
Lair:4:   nzn_winding_woodlands_huge [nzn_winding_woodlands_5x15_pockets,
          nzn_winding_woodlands_5x15_sidewinder,
          nzn_winding_woodlands_5x15_lazy_stream,
          nzn_winding_woodlands_5x15_cabin, nzn_winding_woodlands_5x15_crooked,
          nzn_winding_woodlands_5x15_longhouse,
          nzn_winding_woodlands_5x15_jagged, nzn_winding_woodlands_5x15_parted,
          nzn_winding_woodlands_5x15_twine,
          nzn_winding_woodlands_5x15_pathside_ponds,
          nzn_winding_woodlands_center_lodge,
          nzn_winding_woodlands_center_pierced_h,
          nzn_winding_woodlands_15x15_killbox], layout_regular_city,
          pdpol_lair_cavern_descent
Lair:5:   due_jungle_book, layout_regular_city, slime_entry_1,
          serial_bayou_shore_b
Shoals:1: layout_shoals
Shoals:2: cheibrodos_shoals_gigantism, layout_shoals,
          ebering_ghost_disaster_area, nicolae_shoals_isolated_beach
Shoals:3: layout_shoals
Shoals:4: shoals_end_simple, layout_shoals, nicolae_shoals_secluded_bog,
          uniq_aizul, uniq_louise, uniq_kirke
Snake:1:  layout_rooms, serial_bayou_pond_e, nicolae_shop_unique_rings,
          st_stairs_4
Snake:2:  layout_basic, grunt_ministairs_10, nicolae_snake_squiggles,
          hangedman_snake_corridor_split
Snake:3:  layout_gridlike, grunt_megastairs_3, uniq_vashnia, uniq_asterion,
          uniq_agnes
Snake:4:  minmay_snake_end_coiled, layout_onion
Orc:1:    layout_caves
Orc:2:    kennysheep_orc_mage_school, layout_caves, basic_altar,
          minmay_orc_temple_c
Elf:1:    layout_onion_city, serial_shops, shop, minmay_elf_necromancy
Elf:2:    nicolae_elf_blades_crystal_corner, layout_onion_city, serial_shops,
          nicolae_stop_n_shop_1
Elf:3:    elf_hall, layout_geoelf_castle, serial_shops,
          nicolae_shop_overgrown_old_shop, basic_altar, minivault_23,
          abandoned_shop, hangedman_elf_represent
Vaults:1: vaults_room_ringed_pool, nicolae_vaults_little_squares_5,
          nicolae_vaults_little_squares_5, v_pattern_1, hangedman_vaults_nails,
          nicolae_vaults_inception_scallops, v_rooms_5, nicolae_vaults_big_ls,
          vaults_dpeg_encased_lava, ontoclasm_vaults_ligature,
          ontoclasm_vaults_loading_screen, layout_vaults_omnibox, serial_shops,
          shop
Vaults:2: blue_anna_dwarven_crypt, v_misc_30, nicolae_vaults_an_arrangement,
          ontoclasm_vaults_bender, nicolae_vaults_little_squares_5,
          layout_vaults_quadrants
Vaults:3: ontoclasm_vaults_gateway, nicolae_vaults_three_branches,
          gammafunk_the_bubble [the_bubble_gammafunk_crates],
          ontoclasm_vaults_loading_screen, grunt_vaults_hallway_short,
          vaults_dpeg_cross, ontoclasm_vaults_eye, v_misc_33,
          hangedman_vaults_nodes, vaults_room_corners, hangedman_vaults_nails,
          grunt_vaults_hallway_short, nicolae_vaults_little_squares_5,
          vaults_dpeg_hooks, layout_vaults_omnicross
Vaults:4: hangedman_vaults_variations, nicolae_vaults_little_squares_3,
          v_alt_pattern_4, st_lines, vaults_room_mumra_shop_pool, v_misc_4,
          nicolae_vaults_yaktaur_gun_rack, v_rooms_3, vaults_dpeg_ring,
          ontoclasm_vaults_decontamination, nicolae_vaults_what_the_h,
          grunt_vaults_funnel, layout_vaults_ring
Vaults:5: serial_shops
Depths:1: layout_gridville, grunt_mini_vestibule,
          hellmonk_ghost_happy_afterlife, minivault_10,
          kennysheep_opposing_triangles
Depths:2: kennysheep_room_grid, layout_honeycomb, pan_entry, serial_shops,
          bzr_entry_dummy, nicolae_eternal_life, hellmouth_1,
          grunt_ministairs_5, uniq_sojobo, uniq_vv, uniq_nikola, uniq_grunn
Depths:3: minmay_swirls_squares, layout_gridlike, grunt_hell_entry_dis_mu,
          hangedman_decor_riveting, abyss_entry, nrook_loot_triangle,
          minmay_staircase_statues, uniq_parghit, uniq_saint_roka
Depths:4: evilmike_zot_entry_hall, layout_cave_pools, enter_ziggurat_f,
          nicolae_abyss_entry_one_way_or_another, ebering_ghost_rock_garden,
          pf_hell_entry_tar_river, serial_sigils, serial_sigils_hangedman_gnaw,
          serial_sigils_hangedman_scar, serial_sigils_hangedman_snap,
          serial_sigils_hangedman_scratch, serial_sigils_hangedman_quiver
Zot:1:    layout_gridlike, st_large_dragon_hoard_3, grunt_megastairs_5
Zot:2:    layout_basic, st_small_dragon_hoard_1
Zot:3:    layout_misc_corridors, grunt_ministairs_10, hangedman_player_shredder,
          uniq_josephina
Zot:4:    layout_gridlike, grunt_megastairs_1
Zot:5:    layout_twisted_circle

Skill      XL: |  1  2  3  4  5  6  7  8  9 10 11 12 13 14 15 16 17 18 19 20 21 22 23 24 25 26 27 |
---------------+----------------------------------------------------------------------------------+-----
Maces & Flails | 3 4 5 6 7 9 10 12 13 14 15 16 17 18 19 20 21 22 23 24 | 24.6
Fighting       | 4 5 6 7 8 9 10 11 12 13 14 15 16 17 18 19 20 | 20.0
Armour         | 4 5 6 7 8 9 10 11 12 13 14 16 17 18 19 20 21 22 23 | 23.9
Dodging        | 1 2 3 4 5 6 7 8 9 10 11 12 13 14 16 17 18 19 20 | 20.0
Shields        | 4 5 6 7 8 9 10 11 12 13 14 | 14.0
Throwing       | 1 2 3 4 5 6 7 8 9 10 11 12 13 14 15 16 17 18 19 | 19.4
Evocations     | 3 5 7 8 9 11 12 13 14 15 16 | 16.6
Invocations    | 2 3 5 6 7 8 9 10 11 12 13 14 | 14.0
Transmutations | 1 3 4 5 6 7 8 9 10 11 12 13 | 13.6
Stealth        | 1 2 4 5 6 |  6.0

Action                     |  1- 3 |  4- 6 |  7- 9 | 10-12 | 13-15 | 16-18 | 19-21 | 22-24 | 25-27 || total
---------------------------+-------+-------+-------+-------+-------+-------+-------+-------+-------++-------
  Melee: Flail             |    85 |   206 |   122 |       |       |       |       |       |       ||   413
         Headbutt          |    13 |    37 |    54 |   151 |   380 |   339 |   579 |   339 |   310 ||  2202
         Morningstar       |       |       |   167 |   767 |  1467 |   431 |       |       |       ||  2832
         Eveningstar       |       |       |       |       |       |   804 |  2090 |    59 |       ||  2953
         Demon whip        |       |       |       |       |       |    41 |       |       |       ||    41
         Great mace        |       |       |       |       |       |       |       |   979 |   909 ||  1888
         Unarmed           |       |       |       |       |       |       |       |       |    40 ||    40
  Throw: Stone             |     4 |     4 |       |       |       |       |       |       |       ||     8
         Dart              |       |       |    19 |    18 |     2 |       |     1 |       |       ||    40
         Boomerang         |       |       |       |     1 |    23 |    38 |       |    27 |    28 ||   117
         Javelin           |       |       |       |       |       |       |       |    14 |     3 ||    17
   Cast: Wereblood         |       |       |       |       |       |     1 |    11 |       |    13 ||    25
 Invoke: Heroism           |       |       |       |     7 |     8 |    11 |    11 |     5 |    15 ||    57
         Finesse           |       |       |       |     1 |     3 |     5 |     4 |     1 |     7 ||    21
         Duel              |       |       |       |       |     1 |       |       |       |       ||     1
  Evoke: Wand              |       |     1 |       |     3 |    41 |       |     2 |       |       ||    47
         Condenser vane    |       |       |       |       |       |       |     4 |     2 |       ||     6
    Use: Scroll            |     1 |     2 |     1 |    10 |    15 |     7 |     4 |     4 |    13 ||    57
         Potion            |       |       |     2 |     8 |       |     2 |     2 |    12 |     8 ||    34
   Stab: Petrified         |       |       |       |       |     4 |       |       |       |       ||     4
         Paralysed         |       |       |       |       |     4 |       |       |       |       ||     4
         Invisible         |       |       |       |       |       |       |       |     5 |       ||     5
         Distracted        |       |       |       |       |       |       |       |     1 |       ||     1
 Armour: Scale mail        |    37 |    95 |    14 |       |       |       |       |       |       ||   146
         Chain mail        |       |       |    93 |   250 |   456 |       |       |       |       ||   799
         Gold dragon scale |       |       |       |       |    17 |   388 |   867 |   509 |     1 ||  1782
         Crystal plate arm |       |       |       |       |       |       |       |       |   510 ||   510
         Skin              |       |       |       |       |       |       |       |       |     8 ||     8
  Dodge: Dodged            |    45 |    70 |   173 |   674 |   923 |   749 |   952 |   605 |   693 ||  4884
  Block: Buckler           |    19 |    59 |    86 |   260 |   269 |       |       |       |       ||   693
         Kite shield       |       |       |       |       |   390 |  1181 |  1390 |    49 |       ||  3010

Table legend: (Time is in decaauts)
 A = Elapsed time spent in this place.
 B = Non-inter-level travel time spent in this place.
 C = Inter-level travel time spent in this place.
 D = Time resting spent in this place.
 E = Time spent auto-exploring this place.
 F = Levels seen in this place.
 G = Mean time per level.
                   A        B        C        D        E       F      G
               +--------+--------+--------+--------+--------+-----+--------+
         Total |  63750 |  55019 |   8731 |   9914 |  31973 |  52 | 1226.0 |
       Dungeon |  15328 |  12273 |   3055 |    466 |   8835 |  15 | 1021.9 |
        Temple |     24 |     24 |      0 |      0 |     14 |   1 |   24.0 |
          Lair |   7102 |   5700 |   1402 |    479 |   3922 |   5 | 1420.4 |
        Shoals |   4971 |   4372 |    599 |    785 |   2337 |   4 | 1242.8 |
     Snake Pit |   4327 |   4068 |    259 |    582 |   2202 |   4 | 1081.8 |
  Orcish Mines |   2280 |   1425 |    855 |     43 |   1003 |   2 | 1140.0 |
   Elven Halls |   4283 |   3668 |    615 |    339 |   2415 |   3 | 1427.7 |
        Vaults |   9577 |   8657 |    920 |   1922 |   4688 |   5 | 1915.4 |
        Depths |   6659 |   6047 |    612 |   2087 |   2919 |   4 | 1664.8 |
           Zot |   7766 |   7355 |    411 |   2663 |   3197 |   5 | 1553.2 |
        Bazaar |     32 |     32 |      0 |      0 |     27 |   1 |   32.0 |
       Ossuary |    311 |    311 |      0 |      0 |    146 |   1 |  311.0 |
      Ice Cave |   1059 |   1059 |      0 |    544 |    252 |   1 | 1059.0 |
         Arena |     24 |     24 |      0 |      0 |     13 |   1 |   24.0 |
               +--------+--------+--------+--------+--------+-----+--------+

Top non-repeatable levels by time:
Vaults:5: 2397 daAuts
Vaults:4: 2183 daAuts
   Zot:2: 2101 daAuts
Depths:2: 2067 daAuts
   Elf:3: 1846 daAuts
  Lair:4: 1807 daAuts
   Orc:2: 1799 daAuts
  Lair:1: 1716 daAuts
Vaults:3: 1713 daAuts
Depths:1: 1707 daAuts
Vaults:1: 1661 daAuts
   Zot:5: 1658 daAuts
Shoals:4: 1648 daAuts
Vaults:2: 1622 daAuts
  Lair:2: 1526 daAuts
